cohdb
Replays
Latest Replays
All Replays
Popular Replays
Top Player Replays
Match Explorer
How It Works
Community
CoH3 Stats
Reddit
Sign in to upload your games and track your stats! →
Sign in with Steam
Match 40942276
Unlisted
Match 40942276
Overview
Messages
Build Orders
End
Scout Squad
Construct Barracks
Selects Heavy Weapons
Riflemen Squad
1⁄4-ton 4x4 Truck
Mechanized Support Center
Riflemen Squad
Selects Assault Carriers
Construct Motor Pool
M1 Mortar Team
Selects M2HB .50cal Heavy Machine Gun
Designate Forward Repair Station
M8 Greyhound Armored Car
Tea
Goodvyn
0
0
Comments
sign in to comment!
No comments posted yet!